Map: Lightshade LE

Players

Throwfordays - Winner!

  • Race: Terran Terran
  • League: Gold

ColCrunch

  • Race: Zerg Zerg
  • League: Silver

VOD

Have the link to the VOD?

Description

Time

  • Played on: Aug. 27, 2021, 9:42 p.m.
  • Length: 4:42
Show
View Real Time Build Order
Export as new Build Order

Throwfordays Terran - Winner!

Build Orders:  

Get SALT Encoding   

  12  0:00  SCV  
  13  0:16  Supply Depot  
  13  0:17  SCV  
  14  0:27  Refinery  
  14  0:39  Barracks  
  14  0:41  SCV  
  15  0:56  SCV, Supply Depot  
  16  1:08  SCV  
  17  1:20  SCV  
  17  1:21  Barracks  
  18  1:26  Reaper  
  18  1:32  SCV  
  20  1:41  Barracks  
  20  1:48  SCV  
  21  1:56  Refinery  
  21  1:58  Reaper  
  21  2:00  SCV  
  23  2:08  Reaper  
  23  2:12  SCV  
  23  2:15  Supply Depot  
  25  2:30  Reaper x2  
  28  2:37  SCV  
  28  2:41  Reaper  
  29  2:49  SCV  
  30  3:06  Reaper  
  30  3:07  Reaper  
  32  3:18  Reaper  
  33  3:22  SCV  
  33  3:24  Supply Depot  
  34  3:32  Refinery  
  34  3:34  SCV  
  35  3:53  Reaper x3  
Show
View Real Time Build Order
Export as new Build Order

ColCrunch Zerg 

Build Orders: Pool First 

Get SALT Encoding   

  12  0:01  Drone  
  13  0:08  Drone  
  14  0:28  Overlord  
  14  0:36  Spawning Pool  
  14  0:37  Drone  
  14  0:47  Drone  
  14  0:48  Drone  
  16  0:51  Drone  
  17  1:03  Drone  
  18  1:08  Extractor  
  17  1:23  Queen  
  19  1:28  Drone x2  
  19  1:30  Extractor  
  20  1:35  Zergling x2  
  21  1:49  Overlord  
  21  2:00  Drone  
  22  2:02  Hatchery  
  21  2:13  Drone  
  22  2:20  Baneling Nest  
  22  2:21  Drone  
  22  2:32  Drone  
  22  2:36  Drone x3  
  26  2:43  Queen  
  28  2:50  Metabolic Boost  
  27  3:08  Extractor  
  27  3:10  Zergling x4  
  27  3:11  Zergling x2  
  29  3:16  Drone  
  30  3:26  Drone  
  28  3:45  Zergling x6  
  28  3:46  Drone  
  28  3:47  Drone  
  31  3:53  Zergling x6  
  24  4:13  Spine Crawler  
  24  4:15  Drone x2  
  21  4:28  Spine Crawler  
Tags
 
Matchup
TvZ
Opening
Pool First
Replay Pack
Multiplayer
Add a new tag
Caveats
  • Supply blocks, unpowered buildings, or Contaminate may cause inaccurate times.
  • Supply counts are checked every 10 seconds.